Barracuda vs Rocket
(R1)
Created - January 1, 2022 at 22:43
Goals
|
Barracuda |
1 |
0 |
3 |
0 |
4 |
Rocket |
0 |
1 |
3 |
1 |
5 |
|
Shots
|
Barracuda |
14 |
4 |
13 |
0 |
31 |
Rocket |
16 |
7 |
16 |
5 |
44 |
|
1st period
1. Barracuda , William Carrier 8 (Brandon Kozun 3, Sam Carrick 11) at 10:55
Penalties :
Andrey Pedan (Lav) for Holding Stick (Minor) at 0:46
2nd period
2. Rocket , Adrian Kempe 4 (Adam Fox 3, Danton Heinen 4) at 2:36 (PP)
Penalties :
Alex Henriksson (S.J) for Tripping (Minor) at 2:06, Adrian Kempe (Lav) for Holding (Minor) at 3:23, Mattias Tedenby (Lav) for Hooking (Minor) at 7:12, Viktor Loov (Lav) for Hooking (Minor) at 9:49
3rd period
3. Rocket , Corey Trivino 4 (Andrey Pedan 4, Viktor Loov 1) at 1:01
4. Barracuda , William Carrier 9 (Sam Carrick 12, Brandon Kozun 4) at 2:57
5. Barracuda , Sam Carrick 5 (William Carrier 8) at 3:13
6. Barracuda , Emil Pettersson 3 (Samuel Groulx 4, Cole Ully 7) at 6:23
7. Rocket , Karson Kuhlman 1 (Adam Fox 4, Sergey Tolchinsky 1) at 17:12
8. Rocket , Danton Heinen 5 (Viktor Loov 2, Peter Holland 6) at 19:08
Penalties :
David Shields (S.J) for Hooking (Minor) at 4:33, Andrey Pedan (Lav) for Tripping (Minor) at 5:23, Luca Sbisa (S.J) for Hooking (Minor) at 12:02
Overtime #1
9. Rocket , Danton Heinen 6 (Corey Trivino 7, Mattias Tedenby 8) at 2:42
Penalties :
No Penalty
Goalie Stats
Joacim Eriksson (S.J), 39 saves from 44 shots - (0.886), OTL, 5-3-1, 62:42 minutes
Jean-Francois Berube (Lav), 27 saves from 31 shots - (0.871), W, 5-5-1, 62:38 minutes
Players Stats for Barracuda
Player Name G A P +/- PIM S H SB GA TA FO MP PP MP PK MP
------------------------------------------------------------------------------------
Alex Henriksson 0 0 0 0 2 2 1 0 0 0 0/1 12:58 0:00 0:25
Arturs Kulda 0 0 0 0 0 5 2 1 2 1 0/0 29:49 5:17 1:40
Brandon Kozun 0 2 2 1 0 3 3 2 3 0 0/1 21:50 4:17 0:00
Chris Wagner 0 0 0 0 0 2 1 0 0 0 0/0 13:06 0:09 0:00
Cole Ully 0 1 1 0 0 2 2 1 1 0 0/0 20:25 4:08 0:44
David Shields 0 0 0 -2 2 1 1 2 0 2 0/0 20:26 3:41 1:15
Drew O'Connor 0 0 0 0 0 0 0 0 0 0 0/0 0:00 0:00 0:00
Emil Pettersson 1 0 1 0 0 6 1 0 1 0 8/11 20:25 4:08 0:44
Jakob Chychrun 0 0 0 0 0 0 0 1 0 0 0/0 12:21 0:00 0:00
Justin Shugg 0 0 0 -2 0 2 2 1 0 0 0/1 20:12 4:08 0:32
Luca Sbisa 0 0 0 1 2 1 0 1 1 0 0/0 28:17 5:17 0:56
Noah Gregor 0 0 0 0 0 0 0 0 0 0 0/1 7:34 0:00 0:00
Robin Norell 0 0 0 1 0 0 2 0 1 2 0/0 13:48 0:00 1:19
Sam Carrick 1 2 3 0 0 3 3 0 0 0 15/33 21:53 4:38 2:03
Samuel Groulx 0 1 1 0 0 2 0 3 0 0 0/0 20:53 3:29 1:28
Tanner Jeannot 0 0 0 0 0 0 1 0 0 0 0/0 7:34 0:00 0:00
Theodor Blueger 0 0 0 0 0 0 0 2 1 0 1/6 12:49 0:00 0:00
William Carrier 2 1 3 1 0 2 1 3 0 1 1/1 21:57 4:38 2:10
Players Stats for Rocket
Player Name G A P +/- PIM S H SB GA TA FO MP PP MP PK MP
------------------------------------------------------------------------------------
Adam Fox 0 2 2 -1 0 0 4 2 0 2 0/0 22:36 2:25 1:57
Adrian Kempe 1 0 1 0 2 4 1 0 2 0 0/0 17:08 2:00 1:30
Andrei Mironov 0 0 0 -2 0 0 3 0 1 1 0/0 25:57 0:54 3:55
Andrey Pedan 0 1 1 2 4 1 1 1 0 0 0/0 22:46 0:53 3:32
Blake Hillman 0 0 0 0 0 1 2 0 0 1 0/0 11:35 0:00 0:18
Corey Trivino 1 1 2 1 0 7 3 1 1 1 11/17 19:30 2:00 3:15
Danton Heinen 2 1 3 1 0 8 3 0 0 0 0/1 19:21 2:00 2:22
Dominic Turgeon 0 0 0 0 0 0 0 0 0 0 1/3 11:24 0:00 0:18
Jack Glover 0 0 0 0 0 0 2 0 0 0 0/0 17:13 0:00 3:40
Jiri Sekac 0 0 0 0 0 3 2 0 0 0 0/0 11:32 0:00 0:12
Karson Kuhlman 1 0 1 1 0 2 0 0 0 1 1/2 9:07 0:00 0:00
Kole Sherwood 0 0 0 1 0 0 6 0 0 0 0/0 9:07 0:00 0:00
Mattias Tedenby 0 1 1 -2 2 3 3 1 2 1 6/13 20:03 1:19 3:31
Peter Holland 0 1 1 -1 0 1 2 0 0 0 11/19 16:30 1:19 1:45
Sergey Tolchinsky 0 1 1 1 0 5 1 0 0 0 0/0 9:07 0:00 0:00
Ty Rattie 0 0 0 0 0 3 0 0 0 0 0/0 11:06 0:00 0:00
Tyler Pitlick 0 0 0 -2 0 2 1 1 0 0 0/0 21:53 1:19 4:39
Viktor Loov 0 2 2 1 2 4 0 1 0 3 0/0 24:53 2:25 4:10
3 Stars
1 - Danton Heinen (Lav)
2 - William Carrier (S.J)
3 - Sam Carrick (S.J)
Power Play
Barracuda - 0 on 5 Attempt(s) - 0.00%
Rocket - 1 on 3 Attempt(s) - 33.33%
Penalty Kill
Barracuda - 2 on 3 Attempt(s) - 66.67%
- Score 0 goal in Penalty Kill
Rocket - 5 on 5 Attempt(s) - 100.00%
- Score 0 goal in Penalty Kill
Team Stat
Barracuda - Hits : 20 - Faceoff Wins : 25 - Blocked Shots : 17 - Penalty Minutes : 6
Rocket - Hits : 34 - Faceoff Wins : 30 - Blocked Shots : 7 - Penalty Minutes : 10
Official
Referees : Francois St. Laurent and TJ Luxmore
Linesman : Ryan Daisy and Devin Berg
Game Notes
No Game Note
Finance
Level 1 -- Attendance: 1939 (96.95%) -- Ticket Income $67,865
Level 2 -- Attendance: 1000 (100.00%) -- Ticket Income $15,000
Total Attendance: 2939 (97.97%)
Total Ticket Income: $82,865
Other Income: $4,143
Total Income: $87,008
Barracuda
5 vs 5 Forward
Center Left Wing Right Wing Time % Phy DF OF
1 Sam Carrick William Carrier Brandon Kozun 40 1 2 2
2 Emil Pettersson Cole Ully Justin Shugg 30 1 2 2
3 Theodor Blueger Alex Henriksson Chris Wagner 20 1 2 2
4 Noah Gregor Tanner Jeannot Brandon Kozun 10 1 2 2
5 vs 5 Defense
Defense Defense Time % Phy DF OF
1 Arturs Kulda Luca Sbisa 40 1 2 2
2 Samuel Groulx David Shields 30 1 2 2
3 Robin Norell Jakob Chychrun 20 1 2 2
4 Arturs Kulda Luca Sbisa 10 1 2 2
PowerPlay Forward
Center Left Wing Right Wing Time % Phy DF OF
1 Sam Carrick William Carrier Brandon Kozun 60 1 2 2
2 Emil Pettersson Cole Ully Justin Shugg 40 1 2 2
PowerPlay Defense
Defense Defense Time % Phy DF OF
1 Arturs Kulda Luca Sbisa 60 1 2 2
2 Samuel Groulx David Shields 40 1 2 2
Penalty Kill 4 Players Forward
Center Wing Time % Phy DF OF
1 Sam Carrick William Carrier 60 1 2 2
2 Emil Pettersson Cole Ully 40 1 2 2
Penalty Kill 4 Players Defense
Defense Defense Time % Phy DF OF
1 Arturs Kulda Luca Sbisa 60 1 2 2
2 Samuel Groulx David Shields 40 1 2 2
Penalty Kill - 3 Players Forward
Forward Time % Phy DF OF
1 Sam Carrick 60 1 2 2
2 Emil Pettersson 40 1 2 2
Penalty Kill - 3 Players Defense
Defense Defense Time % Phy DF OF
1 Arturs Kulda Luca Sbisa 60 1 2 2
2 Samuel Groulx David Shields 40 1 2 2
4 vs 4 Forward
Center Wing Time % Phy DF OF
1 Sam Carrick William Carrier 60 1 2 2
2 Emil Pettersson Cole Ully 40 1 2 2
4 vs 4 Defense
Defense Defense Time % Phy DF OF
1 Arturs Kulda Luca Sbisa 60 1 2 2
2 Samuel Groulx David Shields 40 1 2 2
Last Minutes Offensive
Center Left Wing Right Wing Defense Defense
Sam Carrick William Carrier Brandon Kozun Arturs Kulda Luca Sbisa
Last Minutes Defensive
Center Left Wing Right Wing Defense Defense
Sam Carrick William Carrier Brandon Kozun Arturs Kulda Luca Sbisa
Goaltenders
Starting : Joacim Eriksson
Backup : Oscar Dansk
Extra Forwards
Normal : Justin Shugg, Chris Wagner, Theodor Blueger - PP : Justin Shugg, Chris Wagner - PK : Justin Shugg
Extra Defensemen
Normal : David Shields, Robin Norell, Jakob Chychrun - PP : David Shields - PK : David Shields, Robin Norell
Penalty Shots
Sam Carrick, Brandon Kozun, William Carrier, Emil Pettersson, Justin Shugg
Scratches
Alex Lintuniemi (Healthy), Jerome Gauthier-Leduc (Healthy), Mario Lucia (Severed Right Wrist Tendon Injury), Thomas Gobeil (Healthy), Dennis Cholowski (Healthy)
Michael Pezzetta (Healthy), Kevin Lankinen (Healthy)
Rocket
5 vs 5 Forward
Center Left Wing Right Wing Time % Phy DF OF
1 Corey Trivino Adrian Kempe Mattias Tedenby 35 0 2 3
2 Peter Holland Tyler Pitlick Danton Heinen 35 0 2 3
3 Dominic Turgeon Jiri Sekac Ty Rattie 20 1 2 2
4 Karson Kuhlman Sergey Tolchinsky Kole Sherwood 10 1 2 2
5 vs 5 Defense
Defense Defense Time % Phy DF OF
1 Andrei Mironov Adam Fox 40 1 2 2
2 Viktor Loov Andrey Pedan 30 1 2 2
3 Jack Glover Blake Hillman 20 1 2 2
4 Viktor Loov Andrey Pedan 10 1 2 2
PowerPlay Forward
Center Left Wing Right Wing Time % Phy DF OF
1 Corey Trivino Adrian Kempe Danton Heinen 60 1 2 2
2 Peter Holland Tyler Pitlick Mattias Tedenby 40 1 2 2
PowerPlay Defense
Defense Defense Time % Phy DF OF
1 Viktor Loov Adam Fox 60 1 2 2
2 Andrei Mironov Andrey Pedan 40 1 2 2
Penalty Kill 4 Players Forward
Center Wing Time % Phy DF OF
1 Mattias Tedenby Tyler Pitlick 60 1 2 2
2 Corey Trivino Danton Heinen 40 1 2 2
Penalty Kill 4 Players Defense
Defense Defense Time % Phy DF OF
1 Viktor Loov Andrey Pedan 60 1 2 2
2 Andrei Mironov Jack Glover 40 1 2 2
Penalty Kill - 3 Players Forward
Forward Time % Phy DF OF
1 Mattias Tedenby 60 1 2 2
2 Tyler Pitlick 40 1 2 2
Penalty Kill - 3 Players Defense
Defense Defense Time % Phy DF OF
1 Viktor Loov Andrey Pedan 60 1 2 2
2 Andrei Mironov Jack Glover 40 1 2 2
4 vs 4 Forward
Center Wing Time % Phy DF OF
1 Mattias Tedenby Tyler Pitlick 60 1 2 2
2 Corey Trivino Danton Heinen 40 1 2 2
4 vs 4 Defense
Defense Defense Time % Phy DF OF
1 Viktor Loov Andrey Pedan 60 1 2 2
2 Andrei Mironov Jack Glover 40 1 2 2
Last Minutes Offensive
Center Left Wing Right Wing Defense Defense
Corey Trivino Adrian Kempe Danton Heinen Viktor Loov Andrey Pedan
Last Minutes Defensive
Center Left Wing Right Wing Defense Defense
Corey Trivino Tyler Pitlick Mattias Tedenby Viktor Loov Andrey Pedan
Goaltenders
Starting : Jean-Francois Berube
Backup : Adam Werner
Extra Forwards
Normal : Adrian Kempe, Danton Heinen, Mattias Tedenby - PP : Danton Heinen, Adrian Kempe - PK : Peter Holland
Extra Defensemen
Normal : Adam Fox, Viktor Loov, Andrei Mironov - PP : Adam Fox - PK : Andrey Pedan, Andrei Mironov
Penalty Shots
Mattias Tedenby, Tyler Pitlick, Corey Trivino, Danton Heinen, Viktor Loov
Scratches
Daniel Sprong (Healthy), Dean Kukan (Healthy), Mason Appleton (Healthy), Ryan Collins (Healthy), Tyler Lewington (Healthy)
Luke Kunin (Healthy), Mikhail Maltsev (Healthy)
% Time on Ice - Barracuda
Lines # - Real PCT - Wanted PCT - Time Play
Normal Forward
1 - 28% - 40% - 12:52
2 - 31% - 30% - 14:17
3 - 25% - 20% - 11:48
4 - 16% - 10% - 7:34
Normal Defense
1 - 40% - 40% - 18:39
2 - 30% - 30% - 13:56
3 - 27% - 20% - 12:21
4 - 3% - 10% - 1:35
PP Forward
1 - 53% - 60% - 4:38
2 - 47% - 40% - 4:08
PP Defense
1 - 60% - 60% - 5:17
2 - 40% - 40% - 3:29
PK Forward
1 - 78% - 60% - 2:35
2 - 22% - 40% - 0:44
PK Defense
1 - 66% - 60% - 2:12
2 - 34% - 40% - 1:07
PK3 Forward
1 - 0% - 60%
2 - 0% - 40%
PK3 Defense
1 - 0% - 60%
2 - 0% - 40%
44 Forward
1 - 67% - 60% - 2:35
2 - 33% - 40% - 1:16
44 Defense
1 - 67% - 60% - 2:34
2 - 33% - 40% - 1:17
Last Minute Offensive - 0:00
Last Minute Defensive - 0:15
Total
Forward - 62:42
Defense - 62:42
|
% Time on Ice - Rocket
Lines # - Real PCT - Wanted PCT - Time Play
Normal Forward
1 - 27% - 35% - 12:45
2 - 29% - 35% - 13:36
3 - 24% - 20% - 11:06
4 - 20% - 10% - 9:07
Normal Defense
1 - 42% - 40% - 19:28
2 - 30% - 30% - 14:12
3 - 23% - 20% - 10:46
4 - 5% - 10% - 2:08
PP Forward
1 - 60% - 60% - 2:00
2 - 40% - 40% - 1:19
PP Defense
1 - 73% - 60% - 2:25
2 - 27% - 40% - 0:54
PK Forward
1 - 73% - 60% - 6:24
2 - 27% - 40% - 2:22
PK Defense
1 - 71% - 60% - 6:13
2 - 29% - 40% - 2:33
PK3 Forward
1 - 0% - 60%
2 - 0% - 40%
PK3 Defense
1 - 0% - 60%
2 - 0% - 40%
44 Forward
1 - 67% - 60% - 2:35
2 - 33% - 40% - 1:16
44 Defense
1 - 60% - 60% - 2:19
2 - 40% - 40% - 1:32
Last Minute Offensive - 0:12
Last Minute Defensive - 0:00
Total
Forward - 62:42
Defense - 62:42
|
Play-by-Play
1st period
0:01 of 1st period - Corey Trivino wins face-off versus Sam Carrick in neutral zone.
0:06 of 1st period - Wrist shot by Adrian Kempe.
0:06 of 1st period - Stopped by Joacim Eriksson with a rebound.
0:46 of 1st period - Minor Penalty to Andrey Pedan for Holding Stick.
0:47 of 1st period - Sam Carrick wins face-off versus Mattias Tedenby in Rocket zone.
0:48 of 1st period - Snap shot by Brandon Kozun.
0:48 of 1st period - Stopped by Jean-Francois Berube without a rebound.
0:49 of 1st period - Mattias Tedenby wins face-off versus Sam Carrick in Rocket zone.
1:20 of 1st period - Snap shot by Corey Trivino.
1:20 of 1st period - Stopped by Joacim Eriksson with a rebound.
2:46 of 1st period - Penalty to Andrey Pedan is over, Andrey Pedan is back on ice.
3:45 of 1st period - Theodor Blueger is hit by Corey Trivino and loses puck.
4:04 of 1st period - Wrist shot by Karson Kuhlman.
4:04 of 1st period - Stopped by Joacim Eriksson with a rebound.
4:18 of 1st period - Sam Carrick is hit by Andrey Pedan and loses puck.
5:26 of 1st period - Emil Pettersson is hit by Jack Glover and loses puck.
5:45 of 1st period - Corey Trivino is hit by Alex Henriksson and loses puck.
5:58 of 1st period - Arturs Kulda is hit by Kole Sherwood and loses puck.
6:11 of 1st period - Andrey Pedan is hit by Brandon Kozun and loses puck.
7:01 of 1st period - Slapshot by Jack Glover.
7:01 of 1st period - Shot Blocked by Justin Shugg.
7:18 of 1st period - William Carrier is hit by Kole Sherwood and loses puck.
7:31 of 1st period - Wrist shot by Mattias Tedenby.
7:31 of 1st period - Shot Misses the Net.
7:34 of 1st period - Icing by Justin Shugg.
7:35 of 1st period - Corey Trivino wins face-off versus Emil Pettersson in Barracuda zone.
7:36 of 1st period - Wrist shot by Mattias Tedenby.
7:36 of 1st period - Shot Misses the Net.
7:56 of 1st period - Slapshot by Chris Wagner.
7:56 of 1st period - Stopped by Jean-Francois Berube without a rebound.
7:57 of 1st period - Peter Holland wins face-off versus Sam Carrick in Rocket zone.
8:16 of 1st period - Slapshot by Tyler Pitlick.
8:16 of 1st period - Stopped by Joacim Eriksson without a rebound.
8:17 of 1st period - Corey Trivino wins face-off versus Theodor Blueger in Barracuda zone.
8:49 of 1st period - Snap shot by Ty Rattie.
8:49 of 1st period - Shot Misses the Net.
9:09 of 1st period - Luca Sbisa is hit by Danton Heinen and loses puck.
9:26 of 1st period - Slapshot by Viktor Loov.
9:26 of 1st period - Stopped by Joacim Eriksson with a rebound.
9:47 of 1st period - Wrist shot by Emil Pettersson.
9:47 of 1st period - Stopped by Jean-Francois Berube without a rebound.
9:48 of 1st period - Karson Kuhlman wins face-off versus Noah Gregor in Rocket zone.
10:15 of 1st period - Andrei Mironov is hit by Emil Pettersson.
10:41 of 1st period - Slapshot by Ty Rattie.
10:41 of 1st period - Stopped by Joacim Eriksson with a rebound.
10:43 of 1st period - Snap shot by Ty Rattie.
10:43 of 1st period - Deflect By Jiri Sekac.
10:43 of 1st period - Shot Misses the Net.
10:43 of 1st period - Puck is out of play.
10:44 of 1st period - Corey Trivino wins face-off versus Sam Carrick in Barracuda zone.
10:53 of 1st period - Snap shot by Brandon Kozun.
10:53 of 1st period - Shot Misses the Net.
10:55 of 1st period - Snap shot by Brandon Kozun.
10:55 of 1st period - Deflect By William Carrier.
10:55 of 1st period - Goal by William Carrier - Barracuda : 1 - Rocket : 0.
10:56 of 1st period - Mattias Tedenby wins face-off versus Sam Carrick in neutral zone.
11:09 of 1st period - Wrist shot by Mattias Tedenby.
11:09 of 1st period - Shot Misses the Net.
11:11 of 1st period - Slapshot by Viktor Loov.
11:11 of 1st period - Stopped by Joacim Eriksson with a rebound.
11:13 of 1st period - Slapshot by Andrey Pedan.
11:13 of 1st period - Shot Blocked by William Carrier.
11:23 of 1st period - Andrey Pedan is hit by Cole Ully and loses puck.
13:10 of 1st period - Snap shot by Tyler Pitlick.
13:10 of 1st period - Stopped by Joacim Eriksson with a rebound.
13:42 of 1st period - Slapshot by Brandon Kozun.
13:42 of 1st period - Stopped by Jean-Francois Berube with a rebound.
13:44 of 1st period - Slapshot by Arturs Kulda.
13:44 of 1st period - Shot Blocked by Mattias Tedenby.
13:46 of 1st period - Wrist shot by Arturs Kulda.
13:46 of 1st period - Stopped by Jean-Francois Berube with a rebound.
13:48 of 1st period - Slapshot by Arturs Kulda.
13:48 of 1st period - Stopped by Jean-Francois Berube without a rebound.
13:49 of 1st period - Peter Holland wins face-off versus Theodor Blueger in Rocket zone.
13:58 of 1st period - Slapshot by Alex Henriksson.
13:58 of 1st period - Stopped by Jean-Francois Berube with a rebound.
14:00 of 1st period - Wrist shot by David Shields.
14:00 of 1st period - Deflect By Alex Henriksson.
14:00 of 1st period - Shot Misses the Net.
14:00 of 1st period - Puck is out of play.
14:01 of 1st period - Emil Pettersson wins face-off versus Corey Trivino in Rocket zone.
14:06 of 1st period - Snap shot by Emil Pettersson.
14:06 of 1st period - Shot Misses the Net.
14:08 of 1st period - Snap shot by Justin Shugg.
14:08 of 1st period - Stopped by Jean-Francois Berube with a rebound.
14:10 of 1st period - Slapshot by Samuel Groulx.
14:10 of 1st period - Shot Blocked by Corey Trivino.
14:16 of 1st period - Wrist shot by Emil Pettersson.
14:16 of 1st period - Deflect By Cole Ully.
14:16 of 1st period - Shot Blocked by Andrey Pedan.
14:16 of 1st period - Puck is out of play.
14:17 of 1st period - Peter Holland wins face-off versus Sam Carrick in Rocket zone.
14:28 of 1st period - Slapshot by Danton Heinen.
14:28 of 1st period - Shot Blocked by David Shields.
15:06 of 1st period - Snap shot by Jiri Sekac.
15:06 of 1st period - Stopped by Joacim Eriksson with a rebound.
15:12 of 1st period - Slapshot by Ty Rattie.
15:12 of 1st period - Stopped by Joacim Eriksson with a rebound.
15:22 of 1st period - Slapshot by Sergey Tolchinsky.
15:22 of 1st period - Stopped by Joacim Eriksson with a rebound.
15:46 of 1st period - Luca Sbisa is hit by Andrei Mironov and loses puck.
16:32 of 1st period - Wrist shot by Sam Carrick.
16:32 of 1st period - Stopped by Jean-Francois Berube with a rebound.
16:46 of 1st period - Snap shot by Cole Ully.
16:46 of 1st period - Stopped by Jean-Francois Berube with a rebound.
16:48 of 1st period - Backhand shot by Samuel Groulx.
16:48 of 1st period - Shot Blocked by Tyler Pitlick.
17:02 of 1st period - Wrist shot by Sergey Tolchinsky.
17:02 of 1st period - Stopped by Joacim Eriksson with a rebound.
17:04 of 1st period - Slapshot by Sergey Tolchinsky.
17:04 of 1st period - Shot Misses the Net.
17:06 of 1st period - Snap shot by Andrey Pedan.
17:06 of 1st period - Deflect By Sergey Tolchinsky.
17:06 of 1st period - Stopped by Joacim Eriksson with a rebound.
17:08 of 1st period - Slapshot by Viktor Loov.
17:08 of 1st period - Shot Misses the Net.
17:10 of 1st period - Slapshot by Andrey Pedan.
17:10 of 1st period - Shot Misses the Net.
17:19 of 1st period - Off-side.
17:20 of 1st period - Corey Trivino wins face-off versus Theodor Blueger in neutral zone.
17:29 of 1st period - Wrist shot by Adrian Kempe.
17:29 of 1st period - Shot Misses the Net.
17:55 of 1st period - Wrist shot by Tyler Pitlick.
17:55 of 1st period - Shot Misses the Net.
18:09 of 1st period - Wrist shot by Ty Rattie.
18:09 of 1st period - Stopped by Joacim Eriksson with a rebound.
18:11 of 1st period - Slapshot by Blake Hillman.
18:11 of 1st period - Shot Blocked by Brandon Kozun.
18:13 of 1st period - Slapshot by Blake Hillman.
18:13 of 1st period - Deflect By Sam Carrick.
18:13 of 1st period - Stopped by Joacim Eriksson without a rebound.
18:14 of 1st period - Theodor Blueger wins face-off versus Corey Trivino in Barracuda zone.
18:23 of 1st period - Icing by Corey Trivino.
18:24 of 1st period - Corey Trivino wins face-off versus Alex Henriksson in Rocket zone.
18:24 of 1st period - Corey Trivino is hit by Chris Wagner.
18:58 of 1st period - Snap shot by Chris Wagner.
18:58 of 1st period - Stopped by Jean-Francois Berube with a rebound.
19:00 of 1st period - Snap shot by Theodor Blueger.
19:00 of 1st period - Shot Misses the Net.
19:02 of 1st period - Slapshot by David Shields.
19:02 of 1st period - Deflect By Alex Henriksson.
19:02 of 1st period - Stopped by Jean-Francois Berube without a rebound.
19:03 of 1st period - Peter Holland wins face-off versus Brandon Kozun in Rocket zone.
19:08 of 1st period - Wrist shot by Danton Heinen.
19:08 of 1st period - Stopped by Joacim Eriksson with a rebound.
19:14 of 1st period - Wrist shot by William Carrier.
19:14 of 1st period - Shot Misses the Net.
19:16 of 1st period - Snap shot by Arturs Kulda.
19:16 of 1st period - Stopped by Jean-Francois Berube without a rebound.
19:17 of 1st period - Sam Carrick wins face-off versus Peter Holland in Rocket zone.
Goals for this period are 1 for Barracuda vs 0 for Rocket.
Shots for this period are 14 for Barracuda vs 16 for Rocket.
2nd period
0:01 of 2nd period - Sam Carrick wins face-off versus Peter Holland in neutral zone.
1:10 of 2nd period - Kole Sherwood is hit by David Shields.
1:14 of 2nd period - Slapshot by Andrei Mironov.
1:14 of 2nd period - Shot Blocked by Brandon Kozun.
1:20 of 2nd period - Noah Gregor is hit by Kole Sherwood and loses puck.
1:27 of 2nd period - Karson Kuhlman is hit by Tanner Jeannot and loses puck.
1:47 of 2nd period - Peter Holland is hit by Justin Shugg.
2:06 of 2nd period - Minor Penalty to Alex Henriksson for Tripping.
2:07 of 2nd period - William Carrier wins face-off versus Corey Trivino in Barracuda zone.
2:19 of 2nd period - Wrist shot by Danton Heinen.
2:19 of 2nd period - Shot Blocked by Arturs Kulda.
2:21 of 2nd period - Slapshot by Corey Trivino.
2:21 of 2nd period - Deflect By Luca Sbisa.
2:21 of 2nd period - Stopped by Joacim Eriksson without a rebound.
2:22 of 2nd period - Sam Carrick wins face-off versus Corey Trivino in Barracuda zone.
2:22 of 2nd period - Sam Carrick is hit by Adam Fox.
2:36 of 2nd period - Snap shot by Adrian Kempe.
2:36 of 2nd period - Goal by Adrian Kempe - Barracuda : 1 - Rocket : 1.
2:37 of 2nd period - Peter Holland wins face-off versus Sam Carrick in neutral zone.
2:41 of 2nd period - Off-side.
2:42 of 2nd period - Peter Holland wins face-off versus Sam Carrick in neutral zone.
3:23 of 2nd period - Minor Penalty to Adrian Kempe for Holding.
3:24 of 2nd period - Sam Carrick wins face-off versus Mattias Tedenby in Rocket zone.
3:27 of 2nd period - Wrist shot by Brandon Kozun.
3:27 of 2nd period - Stopped by Jean-Francois Berube without a rebound.
3:28 of 2nd period - Sam Carrick wins face-off versus Mattias Tedenby in Rocket zone.
4:21 of 2nd period - Snap shot by Corey Trivino.
4:21 of 2nd period - Stopped by Joacim Eriksson with a rebound.
4:23 of 2nd period - Slapshot by Viktor Loov.
4:23 of 2nd period - Shot Blocked by Cole Ully.
4:25 of 2nd period - Backhand shot by Corey Trivino.
4:25 of 2nd period - Stopped by Joacim Eriksson without a rebound.
4:26 of 2nd period - Emil Pettersson wins face-off versus Mattias Tedenby in Barracuda zone.
5:23 of 2nd period - Penalty to Adrian Kempe is over, Adrian Kempe is back on ice.
6:00 of 2nd period - Robin Norell is hit by Kole Sherwood and loses puck.
6:11 of 2nd period - Justin Shugg is hit by Mattias Tedenby and loses puck.
6:26 of 2nd period - Chris Wagner is hit by Danton Heinen and loses puck.
6:51 of 2nd period - Justin Shugg is hit by Adam Fox and loses puck.
7:12 of 2nd period - Minor Penalty to Mattias Tedenby for Hooking.
7:13 of 2nd period - Emil Pettersson wins face-off versus Peter Holland in Rocket zone.
7:18 of 2nd period - Slapshot by Emil Pettersson.
7:18 of 2nd period - Stopped by Jean-Francois Berube without a rebound.
7:19 of 2nd period - Emil Pettersson wins face-off versus Peter Holland in Rocket zone.
7:32 of 2nd period - Slapshot by Luca Sbisa.
7:32 of 2nd period - Shot Misses the Net.
7:34 of 2nd period - Snap shot by Justin Shugg.
7:34 of 2nd period - Stopped by Jean-Francois Berube with a rebound.
8:00 of 2nd period - Snap shot by Corey Trivino.
8:00 of 2nd period - Shot Hit the Post.
9:12 of 2nd period - Penalty to Mattias Tedenby is over, Mattias Tedenby is back on ice.
9:22 of 2nd period - Slapshot by Sergey Tolchinsky.
9:22 of 2nd period - Stopped by Joacim Eriksson with a rebound.
9:49 of 2nd period - Minor Penalty to Viktor Loov for Hooking.
9:50 of 2nd period - Mattias Tedenby wins face-off versus Emil Pettersson in Rocket zone.
10:06 of 2nd period - Wrist shot by Arturs Kulda.
10:06 of 2nd period - Shot Misses the Net.
10:16 of 2nd period - Andrei Mironov is hit by Brandon Kozun and loses puck.
11:03 of 2nd period - Danton Heinen is hit by Cole Ully and loses puck.
11:38 of 2nd period - Cole Ully is hit by Jack Glover and loses puck.
11:49 of 2nd period - Penalty to Viktor Loov is over, Viktor Loov is back on ice.
12:14 of 2nd period - Brandon Kozun is hit by Kole Sherwood and loses puck.
12:43 of 2nd period - Alex Henriksson is hit by Adam Fox and loses puck.
13:00 of 2nd period - Chris Wagner is hit by Peter Holland.
13:22 of 2nd period - Slapshot by Jiri Sekac.
13:22 of 2nd period - Stopped by Joacim Eriksson with a rebound.
14:14 of 2nd period - Snap shot by Adrian Kempe.
14:14 of 2nd period - Shot Misses the Net.
14:16 of 2nd period - Snap shot by Adrian Kempe.
14:16 of 2nd period - Stopped by Joacim Eriksson with a rebound.
14:34 of 2nd period - Slapshot by Samuel Groulx.
14:34 of 2nd period - Deflect By Jiri Sekac.
14:34 of 2nd period - Stopped by Jean-Francois Berube with a rebound.
16:24 of 2nd period - William Carrier is hit by Kole Sherwood and loses puck.
16:43 of 2nd period - Robin Norell is hit by Corey Trivino and loses puck.
16:56 of 2nd period - Cole Ully is hit by Danton Heinen.
17:51 of 2nd period - Theodor Blueger is hit by Tyler Pitlick and loses puck.
18:16 of 2nd period - Viktor Loov is hit by Arturs Kulda and loses puck.
19:02 of 2nd period - Emil Pettersson is hit by Jiri Sekac and loses puck.
19:15 of 2nd period - David Shields is hit by Adam Fox and loses puck.
Goals for this period are 0 for Barracuda vs 1 for Rocket.
Shots for this period are 4 for Barracuda vs 7 for Rocket.
3rd period
0:01 of 3rd period - Sam Carrick wins face-off versus Peter Holland in neutral zone.
0:04 of 3rd period - Slapshot by Luca Sbisa.
0:04 of 3rd period - Deflect By Sam Carrick.
0:04 of 3rd period - Stopped by Jean-Francois Berube without a rebound.
0:05 of 3rd period - Sam Carrick wins face-off versus Peter Holland in Rocket zone.
0:08 of 3rd period - Snap shot by Sam Carrick.
0:08 of 3rd period - Shot Misses the Net.
0:10 of 3rd period - Slapshot by Sam Carrick.
0:10 of 3rd period - Shot Misses the Net.
0:12 of 3rd period - Slapshot by Luca Sbisa.
0:12 of 3rd period - Stopped by Jean-Francois Berube without a rebound.
0:13 of 3rd period - Peter Holland wins face-off versus Sam Carrick in Rocket zone.
0:13 of 3rd period - Peter Holland is hit by Sam Carrick.
0:43 of 3rd period - Snap shot by Mattias Tedenby.
0:43 of 3rd period - Deflect By Adrian Kempe.
0:43 of 3rd period - Shot Hit the Post.
0:43 of 3rd period - Puck is out of play.
0:44 of 3rd period - Corey Trivino wins face-off versus Emil Pettersson in Barracuda zone.
0:45 of 3rd period - Snap shot by Mattias Tedenby.
0:45 of 3rd period - Stopped by Joacim Eriksson with a rebound.
0:47 of 3rd period - Snap shot by Mattias Tedenby.
0:47 of 3rd period - Stopped by Joacim Eriksson with a rebound.
0:49 of 3rd period - Snap shot by Corey Trivino.
0:49 of 3rd period - Shot Blocked by Samuel Groulx.
0:51 of 3rd period - Slapshot by Andrey Pedan.
0:51 of 3rd period - Shot Misses the Net.
0:53 of 3rd period - Slapshot by Viktor Loov.
0:53 of 3rd period - Stopped by Joacim Eriksson with a rebound.
0:55 of 3rd period - Slapshot by Andrey Pedan.
0:55 of 3rd period - Shot Blocked by David Shields.
0:57 of 3rd period - Snap shot by Andrey Pedan.
0:57 of 3rd period - Shot Blocked by Samuel Groulx.
0:59 of 3rd period - Wrist shot by Andrey Pedan.
0:59 of 3rd period - Deflect By Samuel Groulx.
0:59 of 3rd period - Stopped by Joacim Eriksson with a rebound.
1:01 of 3rd period - Wrist shot by Corey Trivino.
1:01 of 3rd period - Goal by Corey Trivino - Barracuda : 1 - Rocket : 2.
1:02 of 3rd period - Peter Holland wins face-off versus Sam Carrick in neutral zone.
1:28 of 3rd period - Emil Pettersson is hit by Mattias Tedenby and loses puck.
2:17 of 3rd period - Snap shot by Sergey Tolchinsky.
2:17 of 3rd period - Deflect By Kole Sherwood.
2:17 of 3rd period - Shot Blocked by William Carrier.
2:17 of 3rd period - Puck is out of play.
2:18 of 3rd period - Emil Pettersson wins face-off versus Peter Holland in Barracuda zone.
2:20 of 3rd period - Icing by Jakob Chychrun.
2:21 of 3rd period - Emil Pettersson wins face-off versus Peter Holland in Barracuda zone.
2:28 of 3rd period - Wrist shot by Cole Ully.
2:28 of 3rd period - Stopped by Jean-Francois Berube with a rebound.
2:51 of 3rd period - Icing by Andrei Mironov.
2:52 of 3rd period - Sam Carrick wins face-off versus Corey Trivino in Rocket zone.
2:57 of 3rd period - Wrist shot by William Carrier.
2:57 of 3rd period - Goal by William Carrier - Barracuda : 2 - Rocket : 2.
2:58 of 3rd period - Peter Holland wins face-off versus Sam Carrick in neutral zone.
3:01 of 3rd period - Slapshot by Danton Heinen.
3:01 of 3rd period - Stopped by Joacim Eriksson with a rebound.
3:13 of 3rd period - Snap shot by Sam Carrick.
3:13 of 3rd period - Goal by Sam Carrick - Barracuda : 3 - Rocket : 2.
3:14 of 3rd period - Corey Trivino wins face-off versus Sam Carrick in neutral zone.
3:17 of 3rd period - Backhand shot by Mattias Tedenby.
3:17 of 3rd period - Stopped by Joacim Eriksson with a rebound.
3:19 of 3rd period - Wrist shot by Corey Trivino.
3:19 of 3rd period - Stopped by Joacim Eriksson without a rebound.
3:20 of 3rd period - Sam Carrick wins face-off versus Corey Trivino in Barracuda zone.
3:27 of 3rd period - Andrei Mironov is hit by Sam Carrick and loses puck.
4:16 of 3rd period - Slapshot by Samuel Groulx.
4:16 of 3rd period - Stopped by Jean-Francois Berube without a rebound.
4:17 of 3rd period - Sam Carrick wins face-off versus Dominic Turgeon in Rocket zone.
4:33 of 3rd period - Minor Penalty to David Shields for Hooking.
4:34 of 3rd period - Corey Trivino wins face-off versus Sam Carrick in Barracuda zone.
5:23 of 3rd period - Minor Penalty to Andrey Pedan for Tripping.
5:24 of 3rd period - Mattias Tedenby wins face-off versus Sam Carrick in Rocket zone.
5:31 of 3rd period - Slapshot by Tyler Pitlick.
5:31 of 3rd period - Shot Misses the Net.
5:41 of 3rd period - Wrist shot by Mattias Tedenby.
5:41 of 3rd period - Shot Blocked by William Carrier.
6:23 of 3rd period - Slapshot by Emil Pettersson.
6:23 of 3rd period - Goal by Emil Pettersson - Barracuda : 4 - Rocket : 2.
6:24 of 3rd period - Mattias Tedenby wins face-off versus Sam Carrick in neutral zone.
6:33 of 3rd period - Penalty to David Shields is over, David Shields is back on ice.
6:56 of 3rd period - Snap shot by Corey Trivino.
6:56 of 3rd period - Stopped by Joacim Eriksson with a rebound.
7:12 of 3rd period - Backhand shot by Arturs Kulda.
7:12 of 3rd period - Deflect By Jack Glover.
7:12 of 3rd period - Stopped by Jean-Francois Berube without a rebound.
7:13 of 3rd period - Sam Carrick wins face-off versus Mattias Tedenby in Rocket zone.
7:23 of 3rd period - Penalty to Andrey Pedan is over, Andrey Pedan is back on ice.
8:01 of 3rd period - Slapshot by David Shields.
8:01 of 3rd period - Deflect By Karson Kuhlman.
8:01 of 3rd period - Stopped by Jean-Francois Berube with a rebound.
8:39 of 3rd period - Snap shot by Samuel Groulx.
8:39 of 3rd period - Shot Blocked by Adam Fox.
8:47 of 3rd period - Samuel Groulx is hit by Corey Trivino and loses puck.
9:20 of 3rd period - Wrist shot by Sergey Tolchinsky.
9:20 of 3rd period - Deflect By Alex Henriksson.
9:20 of 3rd period - Stopped by Joacim Eriksson with a rebound.
9:40 of 3rd period - Emil Pettersson is hit by Blake Hillman and loses puck.
10:35 of 3rd period - Snap shot by Karson Kuhlman.
10:35 of 3rd period - Shot Blocked by Jakob Chychrun.
10:41 of 3rd period - Wrist shot by Sergey Tolchinsky.
10:41 of 3rd period - Deflect By Kole Sherwood.
10:41 of 3rd period - Shot Blocked by Theodor Blueger.
10:41 of 3rd period - Puck is out of play.
10:42 of 3rd period - Emil Pettersson wins face-off versus Danton Heinen in Barracuda zone.
10:42 of 3rd period - Jakob Chychrun is hit by Peter Holland and loses puck.
11:07 of 3rd period - Sam Carrick is hit by Adrian Kempe.
11:11 of 3rd period - Adrian Kempe is hit by William Carrier and loses puck.
11:47 of 3rd period - Emil Pettersson is hit by Andrei Mironov and loses puck.
12:02 of 3rd period - Minor Penalty to Luca Sbisa for Hooking.
12:03 of 3rd period - Corey Trivino wins face-off versus Sam Carrick in Barracuda zone.
12:16 of 3rd period - Slapshot by Viktor Loov.
12:16 of 3rd period - Shot Misses the Net.
12:34 of 3rd period - Snap shot by Peter Holland.
12:34 of 3rd period - Shot Blocked by Samuel Groulx.
12:36 of 3rd period - Slapshot by Viktor Loov.
12:36 of 3rd period - Shot Misses the Net.
12:38 of 3rd period - Snap shot by Viktor Loov.
12:38 of 3rd period - Deflect By Peter Holland.
12:38 of 3rd period - Stopped by Joacim Eriksson with a rebound.
14:02 of 3rd period - Penalty to Luca Sbisa is over, Luca Sbisa is back on ice.
14:20 of 3rd period - Tanner Jeannot is hit by Andrei Mironov and loses puck.
14:57 of 3rd period - Andrei Mironov is hit by Robin Norell.
15:05 of 3rd period - Justin Shugg is hit by Sergey Tolchinsky and loses puck.
15:26 of 3rd period - Peter Holland is hit by Robin Norell and loses puck.
15:33 of 3rd period - Robin Norell is hit by Mattias Tedenby and loses puck.
16:10 of 3rd period - Tyler Pitlick is hit by Justin Shugg and loses puck.
16:27 of 3rd period - Adrian Kempe is hit by Sam Carrick and loses puck.
16:38 of 3rd period - David Shields is hit by Blake Hillman and loses puck.
16:44 of 3rd period - Icing by Luca Sbisa.
16:45 of 3rd period - Emil Pettersson wins face-off versus Karson Kuhlman in Barracuda zone.
17:08 of 3rd period - Snap shot by Karson Kuhlman.
17:08 of 3rd period - Shot Blocked by Luca Sbisa.
17:10 of 3rd period - Slapshot by Adam Fox.
17:10 of 3rd period - Shot Misses the Net.
17:12 of 3rd period - Slapshot by Karson Kuhlman.
17:12 of 3rd period - Goal by Karson Kuhlman - Barracuda : 4 - Rocket : 3.
17:13 of 3rd period - Sam Carrick wins face-off versus Dominic Turgeon in neutral zone.
17:42 of 3rd period - Snap shot by Emil Pettersson.
17:42 of 3rd period - Deflect By Andrei Mironov.
17:42 of 3rd period - Stopped by Jean-Francois Berube with a rebound.
17:51 of 3rd period - Snap shot by Cole Ully.
17:51 of 3rd period - Shot Misses the Net.
17:53 of 3rd period - Snap shot by Justin Shugg.
17:53 of 3rd period - Shot Misses the Net.
17:55 of 3rd period - Wrist shot by David Shields.
17:55 of 3rd period - Shot Blocked by Adam Fox.
18:10 of 3rd period - Off-side.
18:11 of 3rd period - Corey Trivino wins face-off versus Sam Carrick in neutral zone.
18:18 of 3rd period - Wrist shot by Viktor Loov.
18:18 of 3rd period - Stopped by Joacim Eriksson with a rebound.
18:28 of 3rd period - Snap shot by Mattias Tedenby.
18:28 of 3rd period - Deflect By Adrian Kempe.
18:28 of 3rd period - Stopped by Joacim Eriksson with a rebound.
18:46 of 3rd period - Snap shot by Cole Ully.
18:46 of 3rd period - Deflect By Emil Pettersson.
18:46 of 3rd period - Stopped by Jean-Francois Berube with a rebound.
18:48 of 3rd period - Slapshot by Arturs Kulda.
18:48 of 3rd period - Shot Blocked by Viktor Loov.
18:50 of 3rd period - Snap shot by Emil Pettersson.
18:50 of 3rd period - Stopped by Jean-Francois Berube with a rebound.
18:59 of 3rd period - Viktor Loov is hit by Brandon Kozun and loses puck.
19:04 of 3rd period - Rocket, Jean-Francois Berube is pulled from the net.
19:04 of 3rd period - Snap shot by Danton Heinen.
19:04 of 3rd period - Stopped by Joacim Eriksson with a rebound.
19:08 of 3rd period - Snap shot by Danton Heinen.
19:08 of 3rd period - Goal by Danton Heinen - Barracuda : 4 - Rocket : 4.
19:08 of 3rd period - Jean-Francois Berube from Rocket was sent back in the game.
19:09 of 3rd period - Dominic Turgeon wins face-off versus Theodor Blueger in neutral zone.
19:14 of 3rd period - Chris Wagner is hit by Jiri Sekac and loses puck.
19:25 of 3rd period - Snap shot by Jiri Sekac.
19:25 of 3rd period - Shot Blocked by Theodor Blueger.
19:39 of 3rd period - Off-side.
19:40 of 3rd period - Peter Holland wins face-off versus Justin Shugg in neutral zone.
19:51 of 3rd period - Slapshot by Arturs Kulda.
19:51 of 3rd period - Stopped by Jean-Francois Berube with a rebound.
19:58 of 3rd period - Icing by Blake Hillman.
19:59 of 3rd period - Peter Holland wins face-off versus Theodor Blueger in Rocket zone.
Goals for this period are 3 for Barracuda vs 3 for Rocket.
Shots for this period are 13 for Barracuda vs 16 for Rocket.
Overtime #1
0:01 of 1st overtime period - Sam Carrick wins face-off versus Mattias Tedenby in neutral zone.
1:20 of 1st overtime period - Wrist shot by Jiri Sekac.
1:20 of 1st overtime period - Stopped by Joacim Eriksson without a rebound.
1:21 of 1st overtime period - Mattias Tedenby wins face-off versus Sam Carrick in Barracuda zone.
1:57 of 1st overtime period - Tyler Pitlick is hit by Arturs Kulda and loses puck.
2:18 of 1st overtime period - Wrist shot by Danton Heinen.
2:18 of 1st overtime period - Stopped by Joacim Eriksson with a rebound.
2:20 of 1st overtime period - Slapshot by Andrei Mironov.
2:20 of 1st overtime period - Deflect By Danton Heinen.
2:20 of 1st overtime period - Stopped by Joacim Eriksson with a rebound.
2:22 of 1st overtime period - Slapshot by Corey Trivino.
2:22 of 1st overtime period - Deflect By Danton Heinen.
2:22 of 1st overtime period - Stopped by Joacim Eriksson without a rebound.
2:23 of 1st overtime period - Sam Carrick wins face-off versus Mattias Tedenby in Barracuda zone.
2:42 of 1st overtime period - Wrist shot by Danton Heinen.
2:42 of 1st overtime period - Goal by Danton Heinen - Barracuda : 4 - Rocket : 5.
Goals for this period are 0 for Barracuda vs 1 for Rocket.
Shots for this period are 0 for Barracuda vs 5 for Rocket.